 Dungeon Crawl Stone Soup version 0.26-a0-835-g8259106e14 (webtiles) character file.

Game seed: 4363454840979303368

9768 Froggeryz the Slicer (level 11, -2/64 HPs)
             Began as a Kobold Brigand on Nov 17, 2020.
             Was a Believer of Ashenzari.
             Slain by a polar bear (20 damage)
             ... on level 1 of the Lair of Beasts.
             The game lasted 00:36:49 (13063 turns).

Froggeryz the Slicer (Kobold Brigand)              Turns: 13063, Time: 00:36:50

Health: -2/64      AC: 11    Str: 16    XL:     11   Next: 80%
Magic:  14/14      EV: 23    Int: 13    God:    Ashenzari [**....]
Gold:   394        SH:  0    Dex: 18    Spells: 14/14 levels left

rFire    . . .     SeeInvis .   l - +0 rapier
rCold    . . .     Faith    .   (shield restricted)
rNeg     . . .     Spirit   .   b - +0 robe
rPois    +         Reflect  .   F - +0 helmet
rElec    .         Harm     .   x - +2 cloak {rPois} (curse)
rCorr    .         Rampage  .   w - +2 pair of gloves (curse)
MR       .....                  B - +1 pair of boots
Stlth    +++++++...             (no amulet)
HPRegen  0.20/turn              i - ring of stealth (curse)
MPRegen  0.14/turn              E - +6 ring of strength (curse)

@: no status effects
A: small, nightstalker 3
a: Curse Item, Scrying, Renounce Religion


You were on level 1 of the Lair of Beasts.
You worshipped Ashenzari.
Ashenzari was pleased with you.
You visited 2 branches of the dungeon, and saw 10 of its levels.

You collected 623 gold pieces.
You spent 229 gold pieces at shops.

Inventory:

Hand Weapons
 a - a +2 dagger
 l - a +0 rapier (weapon)
Missiles
 d - 7 poisoned darts (quivered)
 j - a curare-tipped dart
 q - 13 silver boomerangs
Armour
 b - a +0 robe (worn)
 w - a cursed +2 pair of gloves (worn)
 x - a cursed +2 cloak of poison resistance (worn)
 B - a +1 pair of boots (worn)
 F - a +0 helmet (worn)
Jewellery
 i - a cursed ring of stealth (left hand)
 E - a cursed +6 ring of strength (right hand)
Wands
 e - a wand of digging (13)
 K - a wand of iceblast (20)
Scrolls
 c - 4 scrolls of noise {unknown}
 f - 3 scrolls of enchant armour
 h - 6 scrolls of teleportation
 n - 2 scrolls of enchant weapon {unknown}
 o - 2 scrolls of fear {unknown}
 t - 3 scrolls of remove curse
 v - 3 scrolls of amnesia {unknown}
 y - 4 scrolls of fog
 z - a scroll of magic mapping {unknown}
 A - 3 scrolls of blinking
 D - 9 scrolls of identify
 G - 2 scrolls of random uselessness {unknown}
 H - a scroll of holy word {unknown}
 L - a scroll of torment {unknown}
 M - a scroll of immolation {unknown}
Potions
 g - 3 potions of magic
 k - 5 potions of curing
 m - 2 potions of brilliance
 p - 2 potions of attraction
 r - 3 potions of might
 s - 3 potions of flight
 u - 4 potions of mutation
 C - a potion of degeneration {unknown}
 I - 3 potions of invisibility {unknown}
 J - 3 potions of lignification


   Skills:
 + Level 6.0 Fighting
 * Level 13.3 Short Blades
 - Level 6.6 Throwing
 + Level 10.5 Dodging
 - Level 10.5 Stealth
 - Level 2.1 Spellcasting
 - Level 5.5(7.0) Evocations


You had 14 spell levels left.
You didn't know any spells.
Your spell library contained the following spells:

 Spells                   Type           Power        Failure   Level
 Animate Skeleton         Necr           #.....       24%         1
 Apportation              Tloc           #.....       24%         1
 Corona                   Hex            #......      24%         1
 Freeze                   Ice            #...         24%         1
 Pain                     Necr           #...         24%         1
 Summon Small Mammal      Summ           #...         24%         1
 Ozocubu's Armour         Ice            #.......     56%         3
 Vampiric Draining        Necr           #.........   56%         3
 Animate Dead             Necr           #.........   93%         4
 Hailstorm                Conj/Ice       #.......     93%         4
 Agony                    Necr           #.......     100%        5
 Freezing Cloud           Conj/Ice/Air   #.........   100%        6
 Simulacrum               Ice/Necr       #.........   100%        6


Dungeon Overview and Level Annotations

Branches:
Dungeon (9/15)             Temple (0/1) D:7            Lair (1/6) D:9
    Orc: D:9-12

Altars:
Ashenzari
Cheibriados
Fedhas
Gozag
Kikubaaqudgha
Ru
Sif Muna
Trog
Xom
Yredelemnul

Shops:
D:4 (   D:5 [?:*


Innate Abilities, Weirdness & Mutations

You are small and have problems with some larger weapons.
You are completely attuned to the shadows.


Message History

The polar bear closely misses you. The polar bear claws you.
The polar bear claws you but does no damage.
You hit the polar bear.
The polar bear is almost dead.
The polar bear barely misses you. The polar bear misses you.
The polar bear completely misses you.
You hit the polar bear but do no damage.
The polar bear is almost dead.
You hit the polar bear.
The polar bear is almost dead.
The polar bear bites you! The polar bear completely misses you.
The polar bear misses you. The polar bear bites you!!
* * * LOW HITPOINT WARNING * * *
The polar bear closely misses you.
The polar bear claws you but does no damage.
You hit the polar bear but do no damage.
The polar bear is almost dead.
The polar bear bites you!!
You die...

............##....#..............
............##...................
.................................
....#............................
.................................
..^..............................
.................................
.................................
...^............@##..............
..............#h######...........
...............## #######.....
...............## ##....
................# #....
................# ###...
....#..÷........# #.....
..#.#...)....(..# #.....
#÷..............#P , ##....


You could see a polar bear (berserk, very poisoned).

Vanquished Creatures
  Pikel (D:7)
  An ugly thing (D:9)
  2 cane toads (Lair:1)
  A rime drake (Lair:1)
  3 komodo dragons (Lair:1)
  Grinder (D:4)
  Prince Ribbit (D:7)
  7 blink frogs (Lair:1)
  9 yaks (Lair:1)
  Menkaure (D:7)
  Edmund (D:5)
  A water moccasin (D:5)
  An ice beast (D:7)
  2 orc warriors (D:6)
  2 black bears (D:7)
  2 phantoms
  A necrophage (D:6)
  4 ogres
  2 big kobolds
  10 bullfrogs
  A wyvern skeleton (D:7)
  3 scorpions
  8 killer bees
  3 wights (D:9)
  3 vampire bats (D:5)
  A bullfrog zombie (D:6)
  3 orc priests
  6 hounds
  2 jellies
  Crazy Yiuf (D:3)
  2 bullfrog skeletons (D:5)
  3 iguanas
  10 orc wizards
  5 worker ants
  5 hound zombies
  4 gnolls (D:6)
  A howler monkey skeleton (D:5)
  10 adders
  3 shadow imps
  4 white imps
  2 ufetubi (D:9)
  2 adder skeletons
  An adder zombie (D:9)
  4 worms
  2 dart slugs
  8 leopard geckos
  21 orcs
  3 bat skeletons (D:5)
  2 bat zombies (D:5)
  A giant cockroach (D:1)
  13 goblins
  17 hobgoblins
  10 jackals
  11 kobolds
  2 quokkas (D:3)
  A ball python (D:3)
  5 bats
  3 frilled lizards
  2 jackal skeletons
  A leopard gecko skeleton (D:9)
  2 quokka skeletons
  2 rats (D:1)
246 creatures vanquished.

Vanquished Creatures (others)
  5 fungi
  10 plants
15 creatures vanquished.

Grand Total: 261 creatures vanquished

Notes
Turn   | Place    | Note
-------+----------+-------------------------------------------
     0 | D:1      | Froggeryz the Kobold Brigand began the quest for the Orb.
     0 | D:1      | Reached XP level 1. HP: 12/12 MP: 1/1
   154 | D:1      | Reached skill level 3 in Short Blades
   191 | D:1      | Reached XP level 2. HP: 18/18 MP: 2/2
   840 | D:1      | Reached XP level 3. HP: 22/22 MP: 3/3
  1586 | D:2      | Reached skill level 4 in Short Blades
  1726 | D:2      | Reached XP level 4. HP: 27/27 MP: 4/4
  2295 | D:3      | Noticed a bullfrog
  2300 | D:3      | Killed a bullfrog
  2301 | D:3      | Reached skill level 5 in Short Blades
  2301 | D:3      | Reached XP level 5. HP: 32/32 MP: 5/5
  2315 | D:3      | Found a broken altar of Ashenzari.
  2656 | D:3      | Became a worshipper of Ashenzari the Shackled
  3064 | D:3      | Found a runed translucent door.
  3067 | D:3      | Noticed Crazy Yiuf
  3072 | D:3      | Killed Crazy Yiuf
  3073 | D:3      | Reached XP level 6. HP: 38/38 MP: 6/6
  3317 | D:4      | Reached skill level 6 in Short Blades
  3330 | D:4      | Found Zenefaw's Weapon Shoppe.
  3576 | D:4      | Found an opulent altar of Gozag.
  3749 | D:4      | Noticed Grinder
  3919 | D:4      | Killed Grinder
  3920 | D:4      | Reached XP level 7. HP: 27/43 MP: 7/7
  4129 | D:4      | Reached skill level 7 in Short Blades
  4298 | D:5      | Entered Level 5 of the Dungeon
  4377 | D:5      | HP: 2/43 [bullfrog skeleton (3)]
  4885 | D:5      | Noticed Edmund
  4971 | D:5      | Killed Edmund
  4972 | D:5      | Reached XP level 8. HP: 32/48 MP: 8/8
  5098 | D:5      | Found an ancient bone altar of Kikubaaqudgha.
  5104 | D:5      | Reached skill level 5 in Dodging
  5235 | D:5      | Found Ickup's Book Emporium.
  5236 | D:5      | Found Xosmomegh's Assorted Antiques.
  5239 | D:5      | Found Zaohil's Armour Emporium.
  5240 | D:5      | Found Yzaff's Magic Scroll Emporium.
  5248 | D:5      | Bought a fuming inky potion for 16 gold pieces
  5248 | D:5      | Bought a scroll labelled ILEHAN XELOET for 18 gold pieces
  5274 | D:5      | Reached skill level 8 in Short Blades
  5354 | D:5      | Found a sacrificial altar of Ru.
  5554 | D:5      | Bought a scroll of fog for 26 gold pieces
  5554 | D:5      | Bought a scroll of blinking for 97 gold pieces
  5569 | D:5      | Bought a jewelled gold wand for 72 gold pieces
  5612 | D:5      | Reached XP level 9. HP: 52/52 MP: 9/9
  5836 | D:6      | Found a basalt altar of Yredelemnul.
  5915 | D:6      | Reached skill level 9 in Short Blades
  6660 | D:6      | Reached * piety under Ashenzari
  6729 | D:6      | Reached skill level 10 in Stealth
  7134 | D:7      | Noticed Prince Ribbit
  7137 | D:7      | Killed Prince Ribbit
  7141 | D:7      | Identified the Catalogue of Cold
  7394 | D:7      | Found a staircase to the Ecumenical Temple.
  7570 | D:7      | Reached XP level 10. HP: 30/56 MP: 10/10
  7966 | D:7      | Reached skill level 1 in Evocations
  7976 | D:7      | Reached skill level 10 in Short Blades
  8161 | D:7      | Reached skill level 10 in Dodging
  8484 | D:7      | Found a blossoming altar of Fedhas.
  8618 | D:7      | Noticed Menkaure
  8626 | D:7      | Killed Menkaure
  8920 | D:7      | Noticed Pikel
  8958 | D:7      | Killed Pikel
  9409 | D:8      | Found a bloodstained altar of Trog.
  9718 | D:8      | Found a snail-covered altar of Cheibriados.
  9740 | D:8      | Reached skill level 11 in Short Blades
  9790 | D:8      | Found a shimmering blue altar of Sif Muna.
  9848 | D:8      | Found a shimmering altar of Xom.
  9849 | D:8      | Found a shimmering altar of Xom.
  9850 | D:8      | Found a shimmering altar of Xom.
  9850 | D:8      | Found a shimmering altar of Xom.
 10304 | D:9      | Reached ** piety under Ashenzari
 10374 | D:9      | Reached skill level 5 in Evocations
 10425 | D:9      | Found a staircase to the Lair.
 10496 | D:9      | Noticed a purple ugly thing
 10508 | D:9      | Killed a purple ugly thing
 10509 | D:9      | Reached skill level 5 in Throwing
 11005 | Lair:1   | Entered Level 1 of the Lair of Beasts
 11038 | Lair:1   | Reached skill level 1 in Spellcasting
 11038 | Lair:1   | Reached XP level 11. HP: 61/61 MP: 12/12
 11231 | Lair:1   | HP: 3/61 [blink frog (12)]
 11244 | Lair:1   | Reached skill level 12 in Short Blades
 11514 | Lair:1   | Reached skill level 5 in Fighting
 12522 | Lair:1   | Reached skill level 13 in Short Blades
 13063 | Lair:1   | Slain by a polar bear

Illustrated notes

Levels and vault maps discovered:
D:1:      grunt_arrival_lava_bath, layout_basic
D:2:      layout_loops_ring, kennysheep_generic_room_7
D:3:      layout_loops_ring, cheibrodos_ashenzari_chains,
          uniq_crazy_yiuf_cottage
D:4:      layout_cave_pods, general_overflow_altar, serial_shops, shop_statue,
          minmay_misc_feat_columns, uniq_grinder
D:5:      layout_rooms, nicolae_ru_path_of_blood, kennysheep_vampire_church,
          serial_rivers, chequers_serial_rivers_micro_b,
          chequers_serial_rivers_small_3, chequers_serial_rivers_small_b,
          chequers_serial_rivers_micro_e, chequers_serial_rivers_marsh,
          minmay_misc_feat_iff, minmay_shop_grid_forest, uniq_edmund
D:6:      corexii_shantytown, layout_loops_ring, yredelemnul_altar_generic
D:7:      layout_basic, fedhas_altar_decomposition, minmay_temple_entry_ruins,
          minmay_fountain_box, uniq_pikel, uniq_menkaure, uniq_prince_ribbit1
D:8:      layout_rooms, xom_shifter_show, kennysheep_little_box, bloody_trog,
          lemuel_coloured_pillars_altar, minmay_unpleasant_kobolds
D:9:      layout_basic, dpeg_oklobed_lair
Lair:1:   layout_hall_layers, minmay_holes, grunt_megastairs_4

Skill      XL: |  1  2  3  4  5  6  7  8  9 10 11 |
---------------+----------------------------------+-----
Short Blades   | 3 4 5 6 7 8 9 11 13 | 13.3
Fighting       | 3 4 6 |  6.0
Stealth        | 6 7 8 9 10 | 10.5
Dodging        | 3 4 7 9 10 | 10.5
Evocations     | 5 |  5.5
Throwing       | 5 6 |  6.6
Spellcasting   | 1 2 |  2.1

Action                   |  1- 3 |  4- 6 |  7- 9 | 10-12 || total
-------------------------+-------+-------+-------+-------++-------
Melee: Dagger            |    39 |    76 |   178 |   122 ||   415
       Rapier            |       |       |   232 |   323 ||   555
Throw: Dart              |    13 |     3 |     2 |    98 ||   116
       Boomerang         |       |       |       |     2 ||     2
Invok: Curse Item        |       |       |     2 |     2 ||     4
Evoke: Wand              |       |       |     3 |     5 ||     8
  Use: Scroll            |       |     8 |     2 |       ||    10
       Potion            |       |     3 |       |     3 ||     6
 Stab: Sleeping          |    20 |    21 |    50 |    32 ||   123
       Paralysed         |       |       |     2 |     1 ||     3
       Distracted        |       |       |       |     3 ||     3
Armor: Robe              |     4 |     2 |    72 |    50 ||   128
       Skin              |       |    18 |       |       ||    18
Dodge: Dodged            |    10 |     7 |   318 |   313 ||   648

Table legend: (Time is in decaauts)
 A = Elapsed time spent in this place.
 B = Non-inter-level travel time spent in this place.
 C = Inter-level travel time spent in this place.
 D = Time resting spent in this place.
 E = Time spent auto-exploring this place.
 F = Levels seen in this place.
 G = Mean time per level.
                   A        B        C        D        E       F      G
               +--------+--------+--------+--------+--------+-----+--------+
         Total |  12717 |  12391 |    326 |   2492 |   6681 |  10 | 1271.7 |
       Dungeon |  10748 |  10422 |    326 |   1934 |   6296 |   9 | 1194.2 |
          Lair |   1969 |   1969 |      0 |    558 |    385 |   1 | 1969.0 |
               +--------+--------+--------+--------+--------+-----+--------+

Top non-repeatable levels by time:
  Lair:1: 1969 daAuts
     D:7: 1959 daAuts
     D:5: 1431 daAuts
     D:6: 1346 daAuts
     D:1: 1144 daAuts
     D:4: 1089 daAuts
     D:3: 1065 daAuts
     D:9: 1005 daAuts
     D:2: 968 daAuts
     D:8: 737 daAuts
